 Dungeon Crawl Stone Soup version 0.28.0-43-g3370ac3207 (webtiles) character file.

Game seed: 17278795108953833288

53 protoss039 the Digger (level 3, 0/15 (19) HPs)
             Began as a Deep Elf Earth Elementalist on Mar 3, 2022.
             Slain by Terence
             ... wielding a +1 falchion of draining
              (1 damage)
             ... on level 3 of the Dungeon.
             The game lasted 00:02:54 (2453 turns).

protoss039 the Digger (Deep Elf Earth Elementalist) Turns: 2453, Time: 00:02:54

HP:   0/15 (19)     AC:  2    Str:  5    XL:     3   Next: 62%
MP:   9/10          EV: 13    Int: 21    God:
Gold: 89            SH:  0    Dex: 15    Spells: 4/10 levels left

rFire   . . .      SeeInvis .   h - +2 dagger (drain)
rCold   . . .      Faith    .   (no shield)
rNeg    . . .      Spirit   .   b - +0 robe
rPois   .          Reflect  .   (no helmet)
rElec   .          Harm     .   (no cloak)
rCorr   .          Rampage  .   (no gloves)
Will    .....                   (no boots)
Stlth   ++........              (no amulet)
HPRegen 0.05/turn               (no ring)
MPRegen 0.12/turn               (no ring)

@: heavily drained
A: no striking features
a: no special abilities


You were on level 3 of the Dungeon.
You visited 1 branch of the dungeon, and saw 3 of its levels.

You collected 89 gold pieces.

Inventory:

Hand Weapons
 h - a +2 dagger of draining (weapon)
Missiles
 c - 109 stones
Armour
 b - a +0 robe (worn)
Wands
 f - a wand of iceblast (8)
Scrolls
 a - a scroll of noise {unknown}
 e - a scroll of fear {unknown}
 g - a scroll of identify {unknown}
 i - a scroll of teleportation {unknown}
 j - a scroll of fog {unknown}
Potions
 d - a potion of degeneration {unknown}
 k - a potion of magic {unknown}
 l - a potion of heal wounds {unknown}


   Skills:
 * Level 2.8 Dodging
 - Level 3.0 Stealth
 + Level 4.1 Spellcasting
 + Level 1.1 Transmutations
 + Level 4.1 Earth Magic


You had 4 spell levels left.
You knew the following spells:

 Your Spells              Type           Power      Damage    Failure   Level
a - Sandblast             Erth           42%        2d11      2%          1
b - Passwall              Tmut/Erth      12%        N/A       6%          2
c - Stone Arrow           Conj/Erth      24%        3d8       16%         3

Your spell library contained the following spells:

 Spells                   Type           Power      Damage    Failure   Level
 Petrify                  Tmut/Erth      15%        N/A       38%         4


Dungeon Overview and Level Annotations

Branches:
Dungeon (3/15)

Altars:

Annotations:
D:3 Terence


Message History

You feel drained.
Unknown command.
You hit Terence but do no damage. You drain Terence.
Terence is almost dead.
Terence closely misses you.
Unknown command.
You hit Terence but do no damage. You drain Terence.
Terence is almost dead.
Terence misses you.
Unknown command.
You hit Terence but do no damage.
Terence is almost dead.
Terence misses you.
Unknown command.
You hit Terence but do no damage.
Terence is almost dead.
Terence hits you with a +1 falchion of draining.
You feel drained.
Unknown command.
You barely miss Terence.
Terence is almost dead.
Terence hits you with a +1 falchion of draining!
* * * LOW HITPOINT WARNING * * *
You feel drained.
* * * LOW HITPOINT WARNING * * *
Unknown command.
You are too injured to fight recklessly!
Unknown command.
Unknown command.
Terence shouts, "ATTACK!!!"
Terence shouts, "DIE!!!"
Casting: Sandblast (safe; 2% risk of failure)
Confirm with . or Enter, or press ? or * to list all spells.
Aiming: Sandblast (safe; 2% risk of failure)
Press: ? - help, Shift-Dir - straight line, f - Terence
Aim: Terence, wielding a +1 falchion of draining and wearing a +0 chain mail (almost dead, heavily drained, 86% to hit)
The blast of sand hits Terence but does no damage.
Terence is almost dead.
Terence hits you with a +1 falchion of draining.
You die...

..
..........#
#.#
#.......###
#.# #.#.
#)# #.# #.#
#.# #.#
#######.##
#.@@...#.#
#.#####.##
#.# ### #.#
#.# #.# #.#
#.# #.#


You could see Terence (drained).

Vanquished Creatures
  An orc (D:3)
  7 ball pythons
  5 endoplasms
  2 giant cockroaches (D:2)
  5 goblins
  8 hobgoblins
  A quokka (D:1)
  3 bats (D:1)
  A frilled lizard (D:1)
  6 kobolds
  5 rats
44 creatures vanquished.

Notes
Turn   | Place    | Note
-------+----------+-------------------------------------------
     0 | D:1      | protoss039 the Deep Elf Earth Elementalist began the quest
                  | for the Orb.
     0 | D:1      | Reached XP level 1. HP: 10/10 MP: 6/6
   490 | D:1      | Reached XP level 2. HP: 15/15 MP: 6/8
  1118 | D:1      | Learned a level 2 spell: Passwall
  1317 | D:2      | Reached XP level 3. HP: 18/19 MP: 10/10
  2100 | D:2      | Learned a level 3 spell: Stone Arrow
  2106 | D:3      | Found a faded altar of an unknown god.
  2437 | D:3      | Noticed Terence
  2453 | D:3      | Slain by Terence

Illustrated notes

Levels and vault maps discovered:
D:1:      dpeg_arrival_pits, layout_loops_cross, lemuel_flame_loot_1
D:2:      layout_basic
D:3:      layout_loops_ring, ebering_ecumenical_altar_mist, minivault_25,
          uniq_crazy_yiuf_cottage, uniq_terence

Skill      XL: |  1  2  3 |
---------------+----------+-----
Stealth        | 3 |  3.0
Earth Magic    | 4 |  4.1
Spellcasting   | 4 |  4.1
Dodging        | |  2.8
Transmutations | |  1.1

Action                   || total
-------------------------++-------
Melee: Unarmed           ||     1
       Dagger            ||    70
       Punch             ||     2
 Cast: Sandblast         ||    23
 Stab: Sleeping          ||    10
Armor: Robe              ||     8
Dodge: Dodged            ||    37
